 Dungeon Crawl Stone Soup version 0.28-a0-730-g892d06dc2c (webtiles) character file.

Game seed: 1809833698775266996

1252 pokeman the Thaumaturge (level 8, -1/44 HPs)
             Began as a Deep Elf Hedge Wizard on Oct 28, 2021.
             Slain by a gnoll (5 damage)
             ... on level 5 of the Dungeon.
             The game lasted 00:16:58 (6875 turns).

pokeman the Thaumaturge (Deep Elf Hedge Wizard)     Turns: 6875, Time: 00:16:58

Health: -1/44      AC:  4    Str:  7    XL:     8   Next: 26%
Magic:  20/23      EV:  6    Int: 22    God:
Gold:   221        SH:  0    Dex: 20    Spells: 14/25 levels left

rFire   . . .      SeeInvis .   a - +2 short sword (venom)
rCold   . . .      Faith    .   (no shield)
rNeg    . . .      Spirit   .   g - +0 leather armour
rPois   .          Reflect  .   k - +0 helmet
rElec   .          Harm     .   (no cloak)
rCorr   .          Rampage  .   (no gloves)
Will    .....                   (no boots)
Stlth   +.........              f - amulet of regeneration
HPRegen 1.14/turn               F - +6 ring of dexterity
MPRegen 0.18/turn               (no ring)

@: confused, held
A: no striking features
a: no special abilities


You were on level 5 of the Dungeon.
You visited 1 branch of the dungeon, and saw 5 of its levels.
You also visited: Ossuary.

You collected 221 gold pieces.

Inventory:

Hand Weapons
 a - a +2 short sword of venom (weapon)
 D - a +0 shortbow
Missiles
 y - 44 bolts
 E - 20 arrows
Armour
 g - a +0 leather armour (worn)
 k - a +0 helmet (worn)
 q - a +0 tower shield
 s - a +0 buckler
Jewellery
 e - an amulet of faith
 f - an amulet of regeneration (around neck)
 F - a +6 ring of dexterity (left hand)
Wands
 l - a wand of flame (33)
 p - a wand of polymorph (10)
 r - a wand of digging (5)
Scrolls
 b - 6 scrolls of amnesia {unknown}
 d - 2 scrolls of fog {unknown}
 h - 7 scrolls of identify {unknown}
 i - 2 scrolls of enchant weapon {unknown}
 n - 2 scrolls of teleportation {unknown}
 o - a scroll of summoning {unknown}
 u - a scroll of vulnerability {unknown}
 v - a scroll of torment {unknown}
 x - a scroll of enchant armour {unknown}
 C - a scroll of noise {unknown}
Potions
 c - 2 potions of experience {unknown}
 j - 2 potions of might {unknown}
 m - 2 potions of magic {unknown}
 t - 4 potions of curing {unknown}
 w - a potion of lignification {unknown}
 z - a potion of degeneration {unknown}
 A - a potion of haste {unknown}
 B - a potion of ambrosia {unknown}


   Skills:
 - Level 2.1 Fighting
 + Level 1.8 Armour
 - Level 3.0 Dodging
 - Level 3.0 Stealth
 - Level 1.0 Shields
 * Level 9.4 Spellcasting
 + Level 4.9 Conjurations
 - Level 1.1 Summonings
 - Level 1.1 Translocations
 + Level 3.2 Fire Magic
 - Level 1.0 Air Magic
 - Level 1.0 Poison Magic
 - Level 1.1 Evocations


You had 14 spell levels left.
You knew the following spells:

 Your Spells              Type           Power      Damage    Failure   Level
a - Magic Dart            Conj           100%       1d8       1%          1
b - Mephitic Cloud        Conj/Pois/Air  20%        N/A       11%         3
c - Call Imp              Summ           15%        N/A       9%          2
d - Blink                 Tloc           30%        N/A       9%          2
e - Conjure Flame         Conj/Fire      28%        6-21      5%          3

Your spell library contained the following spells:

 Spells                   Type           Power      Damage    Failure   Level
 Sting                    Tmut/Pois      48%        1d5       8%          1
 Poisonous Vapours        Pois/Air       28%        N/A       10%         2
 Slow                     Hex            10%        N/A       14%         2
 Olgreb's Toxic Radiance  Pois           14%        N/A       52%         4
 Summon Forest            Summ/Tloc      7%         N/A       86%         5
 Eringya's Noxious Bog    Tmut/Pois      6%         N/A       100%        6
 Summon Hydra             Summ           7%         N/A       100%        7


Dungeon Overview and Level Annotations

Branches:
Dungeon (5/15)            Ossuary (visited)
 Temple: D:4-7

Altars:
Cheibriados

Shops:
D:4 =


Message History

The stinking cloud engulfs the gnoll shaman but does no damage.
The gnoll shaman is heavily wounded.
The stinking cloud engulfs the gnoll but does no damage.
The stinking cloud engulfs you but does no damage.
You are engulfed in noxious fumes.
You choke on the stench!
You are confused.
You hear a shout!
The gnoll hits you from afar with a +0 spear.
* * * LOW HITPOINT WARNING * * *
The gnoll shaman is engulfed in noxious fumes.
The gnoll shaman appears confused.
The gnoll shaman hits you with a +0 club.
* * * LOW HITPOINT WARNING * * *
You bump into the rock wall.
You are engulfed in noxious fumes.
The gnoll hits you from afar with a +0 spear.
* * * LOW HITPOINT WARNING * * *
The gnoll closely misses you.
The gnoll shaman is engulfed in noxious fumes.
The gnoll shaman appears confused.
The gnoll shaman hits the gnoll with a +0 club!
You bump into the rock wall.
You are engulfed in noxious fumes.
You choke on the stench!
You are more confused.
* * * LOW HITPOINT WARNING * * *
You kill the gnoll shaman!
The gnoll throws a throwing net.
The throwing net hits you.
You become entangled in the net!
An orc comes into view. It is wielding a +0 hand axe.
Unknown command.
You're too confused to cast spells.
Drop what? 32/52 slots (_ for help) (? for menu, Esc to quit)
Okay, then.
Unknown command.
Unknown command.
You are engulfed in noxious fumes.
You choke on the stench!
You are more confused.
* * * LOW HITPOINT WARNING * * *
The gnoll hits you but does no damage.
The gnoll hits you from afar with a +0 spear.
You die...

######. #. #. ###. ####
### #... #.. ..# #.## #.#
#.# #.#
####o####.####.#######.##
#...oog☼@.##.............
#.##g####.........###.###
#.###..##.# #.#
#......##.###.#
#####.#.......#
#.#.#.##..#
#####......#..#
#..........#..#
#....)#.##.#..#


You could see 2 gnolls and 3 orcs.

Vanquished Creatures
  Pikel (D:4)
  A black bear (D:4)
  A centaur (D:5)
  4 lemures (D:4)
  An orc priest (D:4)
  A gnoll shaman (D:5)
  5 iguanas
  Natasha (thrice) (D:2)
  2 orc wizards
  4 mummies (Ossuary)
  4 gnolls
  4 adders
  An adder skeleton (D:4)
  2 worms
  A dart slug (D:4)
  13 orcs
  8 ball pythons
  7 bats
  4 endoplasms
  4 giant cockroaches
  4 gnoll zombies (Ossuary)
  9 goblins
  7 hobgoblins
  6 quokkas
  2 frilled lizards
  5 gnoll skeletons (Ossuary)
  4 goblin skeletons (Ossuary)
  5 goblin zombies (Ossuary)
  2 hobgoblin skeletons (Ossuary)
  5 hobgoblin zombies (Ossuary)
  14 kobolds
  4 kobold skeletons (Ossuary)
  A kobold zombie (Ossuary)
  4 orc skeletons (Ossuary)
  4 orc zombies (Ossuary)
  12 rats
  6 rat skeletons (Ossuary)
  5 rat zombies (Ossuary)
170 creatures vanquished.

Vanquished Creatures (collateral kills)
  Menkaure (D:4)
  A gnoll zombie (Ossuary)
2 creatures vanquished.

Grand Total: 172 creatures vanquished

Notes
Turn   | Place    | Note
-------+----------+-------------------------------------------
     0 | D:1      | pokeman the Deep Elf Hedge Wizard began the quest for the
                  | Orb.
     0 | D:1      | Reached XP level 1. HP: 10/10 MP: 7/7
   203 | D:1      | Reached XP level 2. HP: 15/15 MP: 3/9
   282 | D:1      | Found a faded altar of an unknown god.
   941 | D:1      | Reached skill level 5 in Spellcasting
  1346 | D:2      | Reached XP level 3. HP: 20/20 MP: 7/11
  1350 | D:2      | Learned a level 3 spell: Mephitic Cloud
  1353 | D:2      | Learned a level 2 spell: Call Imp
  1356 | D:2      | Learned a level 2 spell: Blink
  1360 | D:2      | Learned a level 3 spell: Conjure Flame
  2059 | D:2      | Noticed Natasha
  2070 | D:2      | Killed Natasha
  2071 | D:2      | Reached skill level 1 in Fighting
  2071 | D:2      | Reached skill level 1 in Armour
  2071 | D:2      | Reached XP level 4. HP: 16/25 MP: 3/13
  2380 | D:2      | Noticed Natasha
  2388 | D:2      | Killed Natasha
  2715 | D:2      | Noticed Natasha
  2726 | D:2      | Killed Natasha
  2855 | D:3      | Reached skill level 6 in Spellcasting
  2855 | D:3      | Reached skill level 1 in Fire Magic
  2959 | D:3      | Reached XP level 5. HP: 29/29 MP: 5/15
  3491 | D:3      | Found a snail-covered altar of Cheibriados.
  4166 | D:3      | Reached skill level 1 in Air Magic
  4331 | D:4      | Reached XP level 6. HP: 30/34 MP: 14/17
  4359 | D:4      | Found a sand-covered staircase.
  4365 | Ossuary  | Entered an ossuary
  5172 | Ossuary  | Reached skill level 1 in Shields
  5205 | Ossuary  | Reached skill level 1 in Poison Magic
  5233 | Ossuary  | Reached skill level 7 in Spellcasting
  5728 | D:4      | Found Fugoga's Jewellery Emporium.
  6021 | D:4      | Noticed Pikel
  6227 | D:4      | Reached skill level 1 in Evocations
  6257 | D:4      | Killed Pikel
  6258 | D:4      | Reached skill level 8 in Spellcasting
  6258 | D:4      | Reached XP level 7. HP: 34/40 MP: 3/21
  6571 | D:4      | Noticed Menkaure
  6618 | D:4      | Killed Menkaure
  6619 | D:4      | Reached skill level 9 in Spellcasting
  6619 | D:4      | Reached XP level 8. HP: 18/44 MP: 14/23
  6707 | D:5      | Entered Level 5 of the Dungeon
  6875 | D:5      | Slain by a gnoll

Illustrated notes

Levels and vault maps discovered:
D:1:      dpeg_arrival_windows_large_door, layout_basic,
          hellmonk_ecumenical_altar_heavens_door, grunt_decor_junction
D:2:      layout_basic, corexii_shack, uniq_natasha
D:3:      minmay_chambers_of_threes, layout_basic,
          mainiacjoe_overflow_concentric_impassable, st_stairs_9
D:4:      layout_basic, serial_shops, shop, enter_ossuary_2, uniq_menkaure,
          uniq_pikel
D:5:      layout_loops_cross, minmay_temple_entry_from_below_a

Skill      XL: |  1  2  3  4  5  6  7  8 |
---------------+-------------------------+-----
Spellcasting   | 5 6 8 9 |  9.4
Fighting       | 1 2 |  2.1
Armour         | 1 |  1.8
Conjurations   | 2 3 4 |  4.9
Fire Magic     | 1 2 3 |  3.2
Dodging        | 3 |  3.0
Air Magic      | 1 |  1.0
Shields        | 1 |  1.0
Poison Magic   | 1 |  1.0
Stealth        | 3 |  3.0
Evocations     | 1 |  1.1
Summonings     | |  1.1
Translocations | |  1.1

Action                   |  1- 3 |  4- 6 |  7- 9 || total
-------------------------+-------+-------+-------++-------
Melee: Short sword       |     8 |   180 |    33 ||   221
 Cast: Magic Dart        |    90 |   185 |    11 ||   286
       Mephitic Cloud    |     1 |    15 |     5 ||    21
       Blink             |       |     1 |     2 ||     3
       Conjure Flame     |       |     4 |     1 ||     5
       Call Imp          |       |     2 |     2 ||     4
 Stab: Sleeping          |     1 |     1 |       ||     2
       Confused          |       |    15 |     2 ||    17
Armor: Leather armour    |     3 |    36 |     7 ||    46
Dodge: Dodged            |    16 |    95 |    23 ||   134

Table legend: (Time is in decaauts)
 A = Elapsed time spent in this place.
 B = Non-inter-level travel time spent in this place.
 C = Inter-level travel time spent in this place.
 D = Time resting spent in this place.
 E = Time spent auto-exploring this place.
 F = Levels seen in this place.
 G = Mean time per level.
                   A        B        C        D        E       F      G
               +--------+--------+--------+--------+--------+-----+--------+
         Total |   6896 |   6801 |     95 |    270 |   4950 |   6 | 1149.3 |
       Dungeon |   5651 |   5556 |     95 |    237 |   4096 |   5 | 1130.2 |
       Ossuary |   1245 |   1245 |      0 |     33 |    854 |   1 | 1245.0 |
               +--------+--------+--------+--------+--------+-----+--------+

Top non-repeatable levels by time:
     D:2: 1520 daAuts
     D:3: 1432 daAuts
     D:1: 1309 daAuts
 Ossuary: 1245 daAuts
     D:4: 1218 daAuts
     D:5: 170 daAuts
